Map: Dusk Towers

Players

Pokebunny - Winner!

  • Race: Terran Terran
  • League: Grandmaster

Epic

  • Race: Terran Terran
  • League: Grandmaster

VOD

Have the link to the VOD?

Description

Time

  • Played on: April 7, 2016, 8:10 p.m.
  • Length: 6:07
Show
View Real Time Build Order
Export as new Build Order

Pokebunny Terran - Winner!

Build Orders: 1/1/1 

Get SALT Encoding   

  12  0:01  SCV  
  13  0:13  SCV  
  14  0:17  Supply Depot  
  14  0:25  SCV  
  14  0:27  Refinery  
  15  0:39  SCV  
  16  0:45  Barracks  
  16  0:51  SCV  
  17  1:03  SCV  
  18  1:04  Refinery  
  18  1:15  SCV  
  19  1:32  Marine, Orbital Command, Factory  
  20  1:41  Supply Depot  
  20  1:50  Marine  
  21  1:58  SCV  
  22  2:09  Barracks Reactor  
  22  2:11  SCV  
  23  2:16  Factory Tech Lab, Starport  
  23  2:22  Supply Depot  
  23  2:23  SCV  
  24  2:34  Siege Tank  
  24  2:36  SCV  
  28  2:45  Marine x2  
  28  2:49  SCV  
  31  2:52  Medivac  
  31  2:56  Supply Depot  
  33  3:04  SCV  
  33  3:05  Marine x2  
  36  3:13  Siege Tank  
  39  3:23  Marine x2  
  41  3:28  Viking  
  41  3:33  Supply Depot  
  43  3:35  SCV  
  44  3:43  Marine x2  
  46  3:55  Siege Tank  
  49  3:56  Supply Depot  
  49  4:01  Viking  
  51  4:02  Marine  
  52  4:15  Bunker  
  52  4:20  Marine x2  
  53  4:38  Marine x2  
  50  4:39  Siege Tank  
  54  4:49  Viking  
  55  4:58  Marine x2  
  57  5:14  Siege Tank  
  57  5:19  Viking  
  60  5:22  Marine x2  
  62  5:44  Marine  
  62  5:47  Marine  
Show
View Real Time Build Order
Export as new Build Order

Epic Terran 

Build Orders: Reaper Expand 

Get SALT Encoding   

  12  0:00  SCV  
  13  0:12  SCV  
  14  0:17  Supply Depot  
  14  0:24  SCV  
  15  0:38  SCV  
  15  0:42  Barracks  
  16  0:44  Refinery  
  16  0:50  SCV  
  17  1:02  SCV  
  18  1:15  SCV  
  19  1:29  Orbital Command  
  19  1:30  Reaper  
  20  1:42  Command Center  
  20  1:54  SCV  
  20  1:56  Supply Depot  
  20  2:01  Marine  
  20  2:06  SCV  
  22  2:10  Factory  
  22  2:22  SCV  
  23  2:24  Marine  
  24  2:34  SCV  
  25  2:46  SCV  
  25  2:50  Barracks Reactor  
  26  2:55  Orbital Command  
  26  2:57  Engineering Bay  
  26  2:58  SCV  
  26  3:00  Refinery  
  26  3:01  Starport  
  27  3:10  SCV  
  27  3:12  Factory Tech Lab  
  27  3:22  SCV x2  
  27  3:26  Marine x2  
  31  3:32  Missile Turret  
  31  3:34  SCV  
  31  3:35  SCV  
  33  3:44  Marine x2  
  33  3:46  Siege Tank  
  33  3:47  SCV x2  
  40  3:52  Supply Depot  
  40  3:54  Viking  
  42  3:59  SCV x2  
  42  4:02  Marine  
  45  4:03  Marine  
  45  4:11  SCV  
  45  4:14  Barracks x2, SCV  
  45  4:15  Barracks  
  47  4:17  Supply Depot  
  48  4:24  Medivac  
  48  4:29  SCV x2  
  46  4:39  Siege Tank  
  46  4:40  Marine  
  46  4:41  SCV x2  
  52  4:45  Bunker  
  52  4:53  SCV x2  
  54  5:06  Supply Depot  
  54  5:11  Marine x2  
  54  5:12  Marine  
  54  5:21  SCV x2  
  54  5:27  Refinery  
  54  5:29  Marine x2  
  54  5:32  Marine x2, Supply Depot  
  54  5:33  Siege Tank, Supply Depot x2  
  51  5:46  Marine  
  51  5:48  SCV  
  51  5:49  Marine, SCV  
Tags
 
Add a new tag
Caveats
  • Supply blocks, unpowered buildings, or Contaminate may cause inaccurate times.
  • Supply counts are checked every 10 seconds.